 Dungeon Crawl Stone Soup version 0.31-a0-507-gbafd7f5274 (webtiles) character file.

Game seed: 621156009346963152

285027 Midn8 the Wrestler (level 20, -2/191 HPs)
             Began as a Ghoul Monk on Aug 9, 2023.
             Was the Champion of Wu Jian.
             Slain by a vault warden
             ... wielding a +2 war axe of freezing
              (3 damage)
             ... on level 3 of the Vaults.
             The game lasted 02:06:07 (39731 turns).

Midn8 the Wrestler (Ghoul Monk)                    Turns: 39731, Time: 02:06:08

Health: -2/191     AC: 31    Str: 24    XL:     20   Next: 60%
Magic:  19/19      EV: 15    Int:  5    God:    Wu Jian [******]
Gold:   2326       SH: 21    Dex: 11    Spells: 19/19 levels left

rFire   + .          .
                       - Unarmed
rCold   + + .        L - +2 tower shield {rN+}
rNeg    + + +        Y - +0 gold dragon scales
rPois   ∞            t - +2 helmet
rElec   .            r - +1 cloak
rCorr   .            S - +2 pair of gloves
SInv    +            J - +2 pair of boots {Fly}
Will    ++...        T - amulet of faith Stlth
                     X - ring of willpower
HPRegen 0.00/turn    E - ring of see invisible
MPRegen 0.16/turn

%: faith
@: marked, in a heavenly storm, flying, inhibited regen, glowing, studying
Invocations
A: claws 1, cold resistance 1, negative energy resistance 3, inhibited
regeneration, torment resistance 2, devour on kill
}: 2/15 runes: serpentine, barnacled
a: Renounce Religion, Wall Jump, Serpent's Lash, Heavenly Storm


You were on level 3 of the Vaults.
You worshipped Wu Jian.
Wu Jian was exalted by your worship.
You visited 7 branches of the dungeon, and saw 34 of its levels.
You visited the Abyss 1 time.
You visited 1 bazaar.
You also visited: Sewer, Bailey, Gauntlet and Ice Cave.

You collected 4257 gold pieces.
You spent 1931 gold pieces at shops.

Inventory:

Missiles
 i - 18 javelins
 x - 14 curare-tipped darts (quivered)
 y - 55 poisoned darts
 F - 81 boomerangs
 R - 4 throwing nets
Armour
 h - a +1 kite shield of positive energy
 r - a +1 cloak (worn)
 t - a +2 helmet (worn)
 J - a +2 pair of boots of flying (worn)
 L - a +2 tower shield of positive energy (worn)
 S - a +2 pair of gloves (worn)
 Y - +0 gold dragon scales (worn)
Jewellery
 d - the ring of Lahi {rF+ rN+ AC+4 Int+2}
   (You found it on level 4 of the Shoals)

   [ring of protection]

   AC+4:      It affects your AC (+4).
   Int+2:     It affects your intelligence (+2).
   rF+:       It protects you from fire.
   rN+:       It protects you from negative energy.
 q - the ring of Lies {rElec EV+5 Dex-3 Slay+2}
   (You acquired it on level 2 of the Orcish Mines)

   [ring of evasion]

   EV+5:      It affects your evasion (+5).
   Dex-3:     It affects your dexterity (-3).
   Slay+2:    It affects your accuracy & damage with ranged weapons and melee
   (+2).
   rElec:     It insulates you from electricity.
 E - a ring of see invisible (right hand)
 H - a ring of resist corrosion
 O - the ring "Kigikidd" {Str+4 Dex+6}
   (You found it on level 14 of the Dungeon)

   [ring of dexterity]

   Str+4:     It affects your strength (+4).
   Dex+6:     It affects your dexterity (+6).
 T - an amulet of faith (around neck)
 W - the amulet "Kefauh" {Acrobat Regen+}
   (You found it in an ice cave)

   [amulet of the acrobat]

   Acrobat:   It increases your evasion while moving and waiting.
   Regen+:    It increases your rate of health regeneration.
 X - a ring of willpower (left hand)
Wands
 a - a wand of charming (18)
 b - a wand of digging (9)
 c - a wand of iceblast (20)
 j - a wand of polymorph (3)
 n - a wand of quicksilver (19)
 U - a wand of mindburst (7)
Scrolls
 e - 10 scrolls of teleportation
 f - 13 scrolls of identify
 o - a scroll of blinking
 s - 2 scrolls of poison
 v - 3 scrolls of fear
 z - 6 scrolls of revelation
 D - 3 scrolls of silence
 M - 2 scrolls of torment
 P - 3 scrolls of fog
 Q - 3 scrolls of butterflies
Potions
 g - 14 potions of curing
 k - 9 potions of resistance
 l - 8 potions of heal wounds
 p - 3 potions of might
 u - a potion of ambrosia
 w - 8 potions of brilliance
 A - a potion of cancellation
 C - 3 potions of magic
 G - 14 potions of enlightenment
 K - a potion of haste
 V - 3 potions of invisibility
Miscellaneous
 m - a box of beasts
 B - a lightning rod (4/4)
 I - a tin of tremorstones (2/2)
 N - a phial of floods
 Z - a phantom mirror


   Skills:
 - Level 19.0 Fighting
 - Level 11.6 Armour
 - Level 5.0 Dodging
 - Level 17.1 Shields
 + Level 22.9 Unarmed Combat
 - Level 10.0 Evocations


You had 19 spell levels left.
You didn't know any spells.
Your spell library contained the following spells:

 Spells                   Type           Power      Damage    Failure   Level
 Apportation              Tloc           0%         N/A       100%        1
 Magic Dart               Conj           0%         1d3       100%        1
 Necrotise                Necr           0%         1d4       100%        1
 Shock                    Conj/Air       0%         1d3       100%        1
 Slow                     Hex            0%         N/A       100%        1
 Summon Small Mammal      Summ           0%         N/A       100%        1
 Call Imp                 Summ           0%         N/A       100%        2
 Ensorcelled Hibernation  Hex/Ice        0%         N/A       100%        2
 Lesser Beckoning         Tloc           0%         N/A       100%        2
 Poisonous Vapours        Pois/Air       0%         N/A       100%        2
 Scorch                   Fire           0%         2d5       100%        2
 Searing Ray              Conj           0%         2d4       100%        2
 Call Canine Familiar     Summ           0%         N/A       100%        3
 Confusing Touch          Hex            0%         N/A       100%        3
 Gell's Gravitas          Tloc           0%         N/A       100%        3
 Hailstorm                Conj/Ice       0%         3d3       100%        3
 Mephitic Cloud           Conj/Pois/Air  0%         N/A       100%        3
 Ozocubu's Armour         Ice            0%         N/A       100%        3
 Summon Guardian Golem    Hex/Summ       0%         N/A       100%        3
 Teleport Other           Tloc           0%         N/A       100%        3
 Tukima's Dance           Hex            0%         N/A       100%        3
 Vampiric Draining        Necr           0%         2d6       100%        3
 Vhi's Electric Charge    Tloc/Air       0%         N/A       100%        3
 Volatile Blastmotes      Fire/Tloc      0%         2d10      100%        3
 Anguish                  Hex/Necr       0%         N/A       100%        4
 Animate Armour           Summ/Erth      0%         N/A       100%        4
 Cause Fear               Hex            0%         N/A       100%        4
 Flame Wave               Conj/Fire      0%         2d4       100%        4
 Fulminant Prism          Conj/Hex       0%         3d5       100%        4
 Iskenderun's Mystic Bla  Conj/Tloc      0%         2d3       100%        4
 Passage of Golubria      Tloc           0%         N/A       100%        4
 Petrify                  Tmut/Erth      0%         N/A       100%        4
 Summon Ice Beast         Ice/Summ       0%         N/A       100%        4
 Summon Lightning Spire   Summ/Air       0%         N/A       100%        4
 Alistair's Intoxication  Tmut/Pois      0%         N/A       100%        5
 Arcjolt                  Conj/Air       0%         1d10      100%        5
 Borgnjor's Vile Clutch   Necr/Erth      0%         N/A       100%        5
 Fireball                 Conj/Fire      0%         3d3       100%        5
 Freezing Cloud           Conj/Ice/Air   0%         6-21      100%        5
 Lee's Rapid Deconstruct  Erth           0%         3d4*      100%        5
 Yara's Violent Unravell  Hex/Tmut       0%         3d3       100%        5
 Eringya's Noxious Bog    Tmut/Pois      0%         4d6       100%        6
 Simulacrum               Ice/Necr       0%         N/A       100%        6
 Summon Cactus Giant      Summ           0%         N/A       100%        6
 Haunt                    Necr/Summ      0%         N/A       100%        7
 Ozocubu's Refrigeration  Ice            0%         4d7       100%        7
 Summon Hydra             Summ           0%         N/A       100%        7
 Lehudib's Crystal Spear  Conj/Erth      0%         10d2      100%        8
 Maxwell's Capacitive Co  Air            0%         ∞         100%        8
 Dragon's Call            Summ           0%         N/A       100%        9
 Sublimation of Blood     Necr           Unusable   N/A       N/A         2
 Wereblood                Tmut           Unusable   N/A       N/A         2
 Borgnjor's Revivificati  Necr           Unusable   N/A       N/A         8
 Death's Door             Necr           Unusable   N/A       N/A         9

Dungeon Overview and Level Annotations

Branches:
Dungeon (15/15)            Temple (1/1) D:7            Lair (5/5) D:8
 Shoals (4/4) Lair:3        Snake (4/4) Lair:2        Slime (0/5) Lair:5
    Orc (2/2) D:11            Elf (0/3) Orc:2        Vaults (3/5) D:13
 Depths (0/4) D:15          Sewer (visited)          Bailey (visited)
  IceCv (visited)         Gauntlet (visited)
  Crypt: Vaults:2-3

Altars:
Ashenzari
Cheibriados
Dithmenos
Fedhas
Gozag
Hepliaklqana
Kikubaaqudgha
Makhleb
Nemelex Xobeh
Okawaru
Qazlal
Ru
Sif Muna
Trog
Uskayaw
Vehumet
Wu Jian
Xom
Yredelemnul
Jiyva

Shops:
D:2 [   D:12 *   Orc:2 :?*!   Shoals:1 [   Snake:3 =:=:

Annotations:
Temple 2 transporters
Vaults:2 3 runed translucent doors, Joextigh's ghost, veteran KoHu


Innate Abilities, Weirdness & Mutations

You are immune to poison.
You have sharp fingernails.
Your flesh is cold resistant. (rC+)
You are immune to negative energy. (rN+++)
You do not regenerate when monsters are visible.
You are immune to unholy pain and torment.
You thrive by killing the living.


Message History

You punch the deep troll!
The deep troll is severely wounded.
You barely miss the deep troll.
The deep troll is severely wounded.
You feel less exhausted. You block the deep troll's attack.
The deep troll claws you but does no damage.
You block the deep troll's attack.
You spin and attack the deep troll repeatedly.
You pummel the deep troll!!
You kill the deep troll!
The Council accepts your kill.
The troll leather armour is intact enough to wear.
You spin and attack the deep troll repeatedly.
You pummel the deep troll!!
The deep troll is heavily wounded.
You pummel the deep troll!!
The deep troll is almost dead.
You block the deep troll's attack. The deep troll barely misses you.
You block the deep troll's attack.
Unknown command.
You spin and attack the deep troll.
You punch the deep troll!
You kill the deep troll!
The Council accepts your kill.
You feel better.
You spin and attack the vault guard repeatedly.
You hit the vault guard.
The vault guard is lightly wounded.
You hit the vault guard but do no damage.
The vault guard is lightly wounded.
The vault warden hits you with a +2 war axe of freezing!!
* * * LOW HITPOINT WARNING * * *
The vault warden freezes you.
* * * LOW HITPOINT WARNING * * *
You block the vault guard's attack.
You feel much better.
The vault warden hits you with a +2 war axe of freezing!!
* * * LOW HITPOINT WARNING * * *
The vault warden freezes you.
You die...

#.....)....#
#.[.u......#
#.u........#
#..).......#
#...J.......
##########puT........
#.☼§§§§§§#...........
#.§§☼T§☼§#....#######
#.§§@p☼§§'....#
#.§§§p§☼§#....#
#.☼§§§§..+)...#
#........#....#
##########....#
#....# #....# ....#


You could see a vault warden (strong), a vault guard and a deep troll.

Vanquished Creatures
  An ancient lich (Vaults:2)
  Bai Suzhen (Shoals:3)
  Vashnia (Snake:4)
  2 liches (Vaults:2)
  Mlioglotl (Snake:4)
  A tentacled starspawn (Abyss:2)
  A kraken (Shoals:3)
  Kirke (D:13)
  Aizul (Vaults:2)
  3 nagarajas (Snake:4)
  7 vault wardens
  4 formless jellyfish
  8 ironbound preservers
  A stone giant (D:15)
  Nessos (Lair:4)
  2 ironbound thunderhulks (Vaults:1)
  8 dire elephants
  A minotaur (Gauntlet)
  An ettin (Orc:2)
  A blizzard demon (Abyss:2)
  10 merfolk impalers
  3 merfolk javelineers
  Josephine (D:10)
  4 great orbs of eyes
  2 yaktaur captains
  8 centaur warriors
  3 salamander tyrants
  9 hydras
  7 vault guards
  3 catoblepae
  3 merfolk avatars
  4 ironbound frosthearts
  4 ogre magi
  10 anacondas
  6 merfolk aquamancers
  Erica (D:11)
  2 satyrs
  A tengu warrior (D:11)
  10 two-headed ogres
  3 boulder beetles
  3 alligator snapping turtles (Shoals:4)
  14 death yaks
  7 naga sharpshooters
  The ghost of randomguy2701 the Zephyrmancer, a journeyman TeAE of Sif Muna (D:10)
  10 naga warriors
  Urug (Lair:5)
  A deep elf knight (D:15)
  Nergalle (D:10)
  5 orc high priests (Orc:2)
  6 shock serpents
  Amaemon (D:7)
  2 skysharks
  Sonja (Lair:4)
  3 salamander mystics
  5 skeletal warriors (D:12)
  A glowing orange brain (Gauntlet)
  A flayed ghost (Abyss:2)
  27 deep trolls
  16 sea snakes
  6 naga ritualists
  2 wizards
  12 lindwurms
  2 starcursed masses (Abyss:2)
  15 ironbound convokers
  24 harpies
  An orc sorcerer (Orc:2)
  12 ugly things
  3 deep elf pyromancers
  9 orc knights
  15 salamanders
  11 mana vipers
  9 fauns
  5 cyclopes
  20 manticores
  28 black mambas
  A worldbinder (Abyss:2)
  An elephant (Lair:5)
  2 ice statues (IceCv)
  8 merfolk sirens
  Maurice (D:9)
  12 naga magi
  8 guardian serpents
  6 water nymphs
  7 vault sentinels
  4 gargoyles
  12 cane toads
  An orange demon (D:8)
  Maggie (D:8)
  A smoke demon (Abyss:2)
  2 unseen horrors
  17 yaktaurs
  A kobold demonologist (D:11)
  4 efreet
  11 komodo dragons
  6 rime drakes
  3 freezing wraiths
  An ancient zyme (Abyss:2)
  3 meliai (D:15)
  6 polar bears
  4 trolls
  A blink frog (shapeshifter) (D:14)
  3 hornets
  36 merfolk
  7 wind drakes
  13 snapping turtles
  15 blink frogs
  21 slime creatures
  2 dream sheep (Shoals:2)
  6 shadows
  62 yaks
  A vampire (D:9)
  A ynoxinul (Abyss:2)
  7 water elementals
  6 wraiths
  5 basilisks
  8 wyverns
  10 humans (D:13)
  3 steam dragons
  3 death yak simulacra (IceCv)
  11 vampire mosquitoes
  5 hogs (D:13)
  Menkaure (D:6)
  5 large abominations (Abyss:2)
  36 nagas
  A warg (D:14)
  3 acid dragons
  7 water moccasins
  2 sky beasts
  3 ice beasts
  3 black bears
  The ghost of deremet the Covert, an amateur GnDe of Hepliaklqana (D:6)
  A black bear (shapeshifter) (D:15)
  39 orc warriors
  5 boggarts (Vaults:1)
  4 wolves (Lair:2)
  5 ogres
  19 centaurs
  The ghost of ytrimaz the Insei, an amateur DsSh (D:3)
  9 bullfrogs
  11 kobold brigands
  An earth elemental (Abyss:2)
  3 scorpions
  2 two-headed ogre simulacra (Orc:2)
  9 wights (D:8)
  11 killer bees
  4 howler monkeys
  3 small abominations (Abyss:2)
  2 centaur zombies (D:5)
  29 orc priests
  4 hounds
  3 jellies
  2 gnoll boudas (D:5)
  3 sleepcaps
  2 iguanas
  5 hell rats (Lair:5)
  14 orc wizards
  4 spriggan simulacra (Orc:2)
  2 wolf simulacra
  13 gnolls
  A howler monkey skeleton (D:5)
  12 adders
  A naga simulacrum (Orc:2)
  3 river rats
  3 white imps
  An adder zombie (D:4)
  2 worms
  The ghost of innerfire43 the Sneak, a weakling DsDe (D:5)
  3 dart slugs
  77 orcs
  12 ball pythons
  8 bats
  8 endoplasms
  2 goblins (D:1)
  9 hobgoblins
  2 jackals (Sewer)
  50 kobolds
  A quokka (D:8)
  7 frilled lizards
  A quokka zombie (D:4)
  15 rats
  A tentacle (Shoals:3)
1262 creatures vanquished.

Vanquished Creatures (collateral kills)
  A manticore (Shoals:2)
  3 merfolk sirens (Shoals:2)
4 creatures vanquished.

Vanquished Creatures (others)
  A vault guard (D:13)
  A water elemental (Shoals:4)
  2 humans (D:13)
  2 starspawn tentacles (Abyss:2)
  4 tentacles (Shoals:3)
10 creatures vanquished.

Grand Total: 1276 creatures vanquished

Notes
Turn   | Place    | Note
-------+----------+-------------------------------------------
     0 | D:1      | Midn8 the Ghoul Monk began the quest for the Orb.
     0 | D:1      | Reached XP level 1. HP: 19/19 MP: 0/0
   167 | D:1      | Reached XP level 2. HP: 26/26 MP: 1/1
   201 | D:1      | Reached skill level 4 in Unarmed Combat
   738 | D:2      | Reached XP level 3. HP: 31/31 MP: 2/2
   903 | D:2      | Found Suipet's Armour Boutique.
  1054 | D:2      | Reached skill level 5 in Unarmed Combat
  1393 | D:3      | Reached XP level 4. HP: 38/38 MP: 3/3
  1523 | D:3      | Reached skill level 6 in Unarmed Combat
  1553 | D:3      | Found a faded altar of an unknown god.
  1829 | D:3      | Found a runed translucent gate.
  1830 | D:3      | Found a runed translucent gate.
  1830 | D:3      | Found a runed translucent gate.
  1830 | D:3      | Identified the +5 dagger "Woshi" {pain, Drain rElec Will++
                  | Dex+2}
  1832 | D:3      | Noticed ytrimaz's ghost (amateur DsSh)
  2119 | D:4      | Reached XP level 5. HP: 41/45 MP: 4/4
  2235 | D:4      | Noticed an ogre
  2243 | D:4      | Killed an ogre
  2244 | D:4      | Reached skill level 7 in Unarmed Combat
  2244 | D:4      | Reached XP level 6. HP: 51/51 MP: 5/5
  2423 | D:4      | Noticed a black bear
  2430 | D:4      | Killed a black bear
  2431 | D:4      | Reached skill level 8 in Unarmed Combat
  2503 | D:4      | Reached XP level 7. HP: 59/60 MP: 6/6
  2593 | D:4      | Found a basalt altar of Yredelemnul.
  2981 | D:5      | Entered Level 5 of the Dungeon
  3001 | D:5      | Reached skill level 5 in Fighting
  3001 | D:5      | Reached skill level 1 in Armour
  3266 | D:5      | Reached XP level 8. HP: 65/68 MP: 7/7
  3283 | D:5      | Found a radiant altar of Vehumet.
  3322 | D:5      | Reached skill level 9 in Unarmed Combat
  3325 | D:5      | Found a runed translucent gate.
  3325 | D:5      | Found a runed translucent gate.
  3326 | D:5      | Found a runed translucent gate.
  3328 | D:5      | Noticed innerfire43's ghost (weakling DsDe)
  3381 | D:5      | Found a glowing drain.
  3410 | Sewer    | Entered a sewer
  3612 | Sewer    | Reached skill level 10 in Unarmed Combat
  4306 | D:5      | Killed innerfire43's ghost
  4413 | D:6      | Reached XP level 9. HP: 79/79 MP: 8/8
  4441 | D:6      | Noticed Menkaure
  4442 | D:6      | Killed Menkaure
  4450 | D:6      | Reached skill level 11 in Unarmed Combat
  4837 | D:6      | Found a broken altar of Ashenzari.
  4866 | D:6      | Found a runed translucent gate.
  4866 | D:6      | Found a runed translucent gate.
  4866 | D:6      | Found a runed translucent gate.
  4867 | D:6      | Noticed deremet's ghost (amateur GnDe)
  5140 | D:7      | Found a staircase to the Ecumenical Temple.
  5172 | D:7      | Reached skill level 12 in Unarmed Combat
  5189 | Temple   | Found a transporter.
  5189 | Temple   | Found a transporter.
  5189 | Temple   | Found a transporter.
  5189 | Temple   | Found a transporter.
  5189 | Temple   | Entered the Ecumenical Temple
  5204 | Temple   | Became a worshipper of the Wu Jian Council
  5204 | Temple   | Reached * piety under Wu Jian
  5204 | Temple   | Reached ** piety under Wu Jian
  5409 | D:7      | Found a flagged portal.
  5426 | Bailey   | Entered a bailey
  5694 | Bailey   | Reached XP level 10. HP: 41/91 MP: 9/9
  6312 | D:7      | Reached skill level 5 in Dodging
  6420 | D:2      | Bought the +4 scale mail "Woifaruph" {Rampage Slay+2} for
                  | 394 gold pieces
  6878 | D:8      | Noticed a death yak
  6878 | D:8      | Noticed a death yak
  6907 | D:8      | Noticed a death yak
  7016 | D:7      | Killed a death yak
  7017 | D:7      | Reached skill level 13 in Unarmed Combat
  7185 | D:7      | Killed a death yak
  7321 | D:7      | Killed a death yak
  7322 | D:7      | Reached skill level 14 in Unarmed Combat
  7393 | D:8      | Noticed Amaemon
  7400 | D:8      | Noticed an orange demon
  7417 | D:7      | Killed Amaemon
  7418 | D:7      | Reached skill level 10 in Fighting
  7418 | D:7      | Reached XP level 11. HP: 83/100 MP: 10/10
  7556 | D:8      | Found a staircase to the Lair.
  7670 | D:8      | Reached *** piety under Wu Jian
  7847 | D:8      | Noticed Maggie
  7856 | D:8      | Killed Maggie
  8428 | D:9      | Noticed a two-headed ogre
  8436 | D:9      | Killed a two-headed ogre
  8498 | D:9      | Noticed Maurice
  8507 | D:9      | Killed Maurice
  8508 | D:9      | Reached skill level 5 in Armour
  9336 | D:10     | Entered Level 10 of the Dungeon
  9341 | D:10     | Reached **** piety under Wu Jian
  9407 | D:10     | Noticed Josephine
  9571 | D:10     | Killed Josephine
  9575 | D:10     | Noticed a white ugly thing
  9596 | D:10     | Killed a white ugly thing
  9597 | D:10     | Reached XP level 12. HP: 110/110 MP: 11/11
  9626 | D:10     | Found a stormy altar of Qazlal.
  9628 | D:10     | Found an iron altar of Okawaru.
  9692 | D:10     | Noticed a two-headed ogre
  9701 | D:10     | Killed a two-headed ogre
  9702 | D:10     | Reached skill level 15 in Unarmed Combat
  9810 | D:10     | Found a hide-covered altar of Uskayaw.
  9852 | D:10     | Noticed Nergalle
  9859 | D:10     | Killed Nergalle
 10052 | D:10     | Found a large runed translucent door.
 10053 | D:10     | Found a large runed translucent door.
 10054 | D:10     | Noticed randomguy2701's ghost (journeyman TeAE)
 10109 | D:10     | Identified the +0 ring mail of Seddeu {rElec Int+2}
 10212 | Lair:1   | Entered Level 1 of the Lair of Beasts
 10418 | Lair:1   | Reached skill level 16 in Unarmed Combat
 10433 | Lair:1   | Reached skill level 1 in Shields
 10636 | Lair:1   | Noticed a death yak
 10639 | Lair:1   | Noticed a death yak
 10642 | Lair:1   | Noticed a death yak
 10644 | Lair:1   | Noticed a death yak
 10644 | Lair:1   | Noticed a death yak
 10644 | Lair:1   | Noticed a death yak
 10789 | Lair:1   | Killed a death yak
 10790 | Lair:1   | Reached skill level 5 in Shields
 10790 | Lair:1   | Killed a death yak
 11390 | Lair:1   | Killed a death yak
 11395 | Lair:1   | Killed a death yak
 11404 | Lair:1   | Killed a death yak
 11411 | Lair:1   | Killed a death yak
 11412 | Lair:1   | Reached XP level 13. HP: 81/116 MP: 12/12
 11941 | Lair:2   | Found a gate leading to a gauntlet.
 11946 | Lair:2   | Reached ***** piety under Wu Jian
 11969 | Gauntlet | Entered a Gauntlet
 11969 | Gauntlet | Found a transporter.
 11969 | Gauntlet | Found a transporter.
 11969 | Gauntlet | Found a transporter.
 12083 | Gauntlet | Found a transporter.
 12083 | Gauntlet | Found a transporter.
 12083 | Gauntlet | Found a transporter.
 12094 | Gauntlet | Found a transporter.
 12098 | Gauntlet | Found a transporter.
 12108 | Gauntlet | Found a transporter.
 12210 | Gauntlet | Found a transporter.
 12214 | Gauntlet | Found a transporter.
 12230 | Gauntlet | Found a transporter.
 12429 | Gauntlet | Identified the +6 scale mail "Boedetwo" {Str+4}
 12430 | Gauntlet | Identified the amulet of Zaraj {Acrobat -Tele Fly Will+}
 12629 | Gauntlet | Identified the +9 battleaxe of the Little People {heavy,
                  | Str+6}
 12629 | Gauntlet | Noticed a minotaur
 12646 | Gauntlet | Killed a minotaur
 12933 | Lair:2   | Found a staircase to the Snake Pit.
 12944 | Lair:2   | Reached skill level 10 in Shields
 14338 | Lair:3   | Found a staircase to the Shoals.
 14987 | Lair:4   | Noticed Sonja
 14989 | Abyss:2  | Cast into level 2 of the Abyss (Sonja)
 15060 | Abyss:2  | Noticed a tentacled starspawn
 15065 | Abyss:2  | Killed a tentacled starspawn
 15161 | Abyss:2  | Reached XP level 14. HP: 102/129 MP: 13/13
 15212 | Abyss:2  | Found a corrupted altar of Lugonu.
 15217 | Abyss:2  | Noticed a starcursed mass
 15248 | Abyss:2  | Reached skill level 10 in Armour
 15261 | Lair:4   | Escaped the Abyss
 15431 | Lair:4   | Killed Sonja
 15432 | Lair:4   | Reached skill level 1 in Evocations
 16314 | Lair:4   | Noticed Nessos
 16338 | Lair:4   | Killed Nessos
 16339 | Lair:4   | Reached skill level 5 in Evocations
 16997 | Lair:5   | Entered Level 5 of the Lair of Beasts
 17058 | Lair:4   | Reached ****** piety under Wu Jian
 17174 | Lair:5   | Noticed Urug
 17208 | Lair:5   | Killed Urug
 17510 | Lair:5   | Noticed a dire elephant
 17527 | Lair:5   | Killed a dire elephant
 18009 | Lair:5   | Reached XP level 15. HP: 95/135 MP: 14/14
 18223 | Lair:5   | Found a staircase to the Slime Pits.
 18223 | Lair:5   | Found a viscous altar of Jiyva.
 18485 | Lair:5   | Found the ring of the Octopus King
 18498 | Lair:5   | Identified a ring of the Octopus King {rN+ HP+2 AC+2 EV+2
                  | SH+2}
 19044 | D:10     | Killed randomguy2701's ghost
 19225 | D:3      | Killed ytrimaz's ghost
 19405 | D:6      | Killed deremet's ghost
 19547 | D:11     | Found a staircase to the Orcish Mines.
 19585 | D:11     | Noticed Erica
 19596 | D:11     | Killed Erica
 20317 | D:12     | Found Guomio's Assorted Antiques.
 20323 | D:12     | Bought a steaming wooden ring for 165 gold pieces
 20323 | D:12     | Identified the ring "Sicihyall" {Will- EV+5 Str+5} (You
                  | bought it in a shop on level 12 of the Dungeon)
 20323 | D:12     | Bought a glowing helmet for 247 gold pieces
 20910 | D:12     | Reached skill level 17 in Unarmed Combat
 21878 | D:13     | Noticed Kirke
 21889 | D:13     | Killed Kirke
 21990 | D:13     | Reached skill level 18 in Unarmed Combat
 22283 | D:13     | Found a gate to the Vaults.
 22471 | D:13     | Reached XP level 16. HP: 145/145 MP: 15/15
 22681 | D:14     | You are sucked into a shaft and drop 1 floor!
 22681 | D:15     | Entered Level 15 of the Dungeon
 22971 | D:14     | Found an opulent altar of Gozag.
 23180 | D:14     | Identified the ring "Kigikidd" {Str+4 Dex+6}
 23553 | D:15     | Reached skill level 15 in Fighting
 23631 | D:15     | Paralysed by an ogre mage for 5 turns
 24224 | D:15     | Found a staircase to the Depths.
 24489 | D:15     | Reached skill level 19 in Unarmed Combat
 24727 | Orc:1    | Entered Level 1 of the Orcish Mines
 24940 | Orc:2    | Entered Level 2 of the Orcish Mines
 24940 | Orc:2    | Found a staircase to the Elven Halls.
 25093 | Orc:2    | Found Gixis's Book Emporium.
 25133 | Orc:2    | Found a frozen archway.
 25154 | IceCv    | Entered an ice cave
 25157 | IceCv    | Found a transporter.
 25167 | IceCv    | Found a transporter.
 25194 | IceCv    | Identified the amulet "Kefauh" {Acrobat Regen+}
 25435 | Orc:2    | Reached skill level 20 in Unarmed Combat
 25458 | Orc:2    | Found Sichuroll's Assorted Antiques.
 25458 | Orc:2    | Found Pirung's Magic Scroll Shop.
 25459 | Orc:2    | Found Gateahon's Distillery.
 25459 | Orc:2    | Found Akhoab's Magic Scroll Boutique.
 25466 | Orc:2    | Bought a scroll of teleportation for 75 gold pieces
 25466 | Orc:2    | Bought a scroll of teleportation for 75 gold pieces
 25467 | Orc:2    | Bought a potion of might for 60 gold pieces
 25473 | Orc:2    | Bought a scroll of torment for 161 gold pieces
 25473 | Orc:2    | Bought a scroll of identify for 34 gold pieces
 25473 | Orc:2    | Bought a scroll of identify for 34 gold pieces
 25473 | Orc:2    | Bought a scroll of identify for 34 gold pieces
 25475 | Orc:2    | Identified a scroll of acquirement
 25476 | Orc:2    | Acquired the ring of Lies {rElec EV+5 Dex-3 Slay+2}
 26234 | Shoals:1 | Entered Level 1 of the Shoals
 26597 | Shoals:1 | Reached XP level 17. HP: 156/156 MP: 16/16
 27378 | Shoals:1 | Found Leptaug's Antique Armour Shoppe.
 27386 | Shoals:1 | Bought a runed tower shield for 165 gold pieces
 27862 | Shoals:2 | Reached skill level 10 in Evocations
 28055 | Shoals:2 | Identified the +7 leather armour of Icaceq {+Inv}
 28513 | Shoals:3 | Noticed a kraken
 28521 | Shoals:3 | Killed a kraken
 28778 | Shoals:3 | Noticed Bai Suzhen
 28820 | Shoals:3 | Killed Bai Suzhen
 29558 | Shoals:4 | Entered Level 4 of the Shoals
 30208 | Shoals:4 | Identified the ring of Lahi {rF+ rN+ AC+4 Int+2}
 30635 | Shoals:4 | Reached XP level 18. HP: 108/163 MP: 17/17
 31141 | Shoals:4 | Reached skill level 15 in Shields
 31435 | Shoals:4 | Got a barnacled rune of Zot
 31601 | Snake:1  | Entered Level 1 of the Snake Pit
 33671 | Snake:3  | Found Jut Lour's Book Shop.
 33671 | Snake:3  | Found Paqaj's Jewellery Emporium.
 33672 | Snake:3  | Found Wytyr's Book Shop.
 33838 | Snake:3  | Found Ymmic's Jewellery Shoppe.
 34130 | Snake:3  | Reached skill level 21 in Unarmed Combat
 34191 | Snake:4  | Entered Level 4 of the Snake Pit
 34694 | Snake:4  | Noticed Mlioglotl
 34703 | Snake:4  | Killed Mlioglotl
 34778 | Snake:4  | Reached XP level 19. HP: 177/177 MP: 18/18
 34823 | Snake:4  | Got a serpentine rune of Zot
 35196 | Snake:4  | Reached skill level 22 in Unarmed Combat
 35545 | Snake:4  | Noticed Vashnia
 35617 | Snake:4  | Killed Vashnia
 36292 | Vaults:1 | Entered Level 1 of the Vaults
 37584 | Vaults:1 | Reached XP level 20. HP: 122/187 MP: 19/19
 38151 | Vaults:2 | Noticed Aizul
 38161 | Vaults:2 | Killed Aizul
 38206 | Vaults:2 | Found a flickering gateway to a bazaar.
 38215 | Bazaar   | Entered a bazaar
 38215 | Bazaar   | Found Fimoherph's Antique Armour Shop.
 38215 | Bazaar   | Found Bibocken's Distillery.
 38232 | Bazaar   | Found Roschow's General Store.
 38237 | Bazaar   | Found Taah's General Store.
 38252 | Bazaar   | Found Lucenuc's Magic Scroll Boutique.
 38261 | Bazaar   | Bought a scroll of revelation for 105 gold pieces
 38261 | Bazaar   | Bought a scroll of fear for 56 gold pieces
 38261 | Bazaar   | Bought a scroll of revelation for 105 gold pieces
 38302 | Bazaar   | Bought a potion of might for 68 gold pieces
 38302 | Bazaar   | Bought a potion of heal wounds for 85 gold pieces
 38302 | Bazaar   | Bought a potion of might for 68 gold pieces
 38467 | Vaults:2 | Identified the +1 arbalest of Werhisch {heavy, rF+ Int-4
                  | SInv}
 38519 | Vaults:2 | Found a runed translucent gate.
 38519 | Vaults:2 | Found a runed translucent gate.
 38521 | Vaults:2 | Noticed Joextigh's ghost (veteran KoHu)
 38521 | Vaults:2 | Noticed Joextigh's ghost (veteran KoHu)
 38524 | Vaults:2 | Noticed an ancient lich
 38525 | Vaults:2 | Found a runed translucent gate.
 38525 | Vaults:2 | Found an ancient bone altar of Kikubaaqudgha.
 39110 | Vaults:2 | Identified the +1 spear "Ghoul's Bane" {antimagic, +Blink
                  | Will+}
 39249 | Vaults:2 | Killed an ancient lich
 39268 | Vaults:2 | Got the Opusculum on the Atmospheric Geologist
 39730 | Vaults:3 | HP: 8/191 [vault warden/+2 war axe of freezing (27)]
 39731 | Vaults:3 | HP: 1/191 [vault warden/+2 war axe of freezing (28)]
 39731 | Vaults:3 | Slain by a vault warden

Illustrated notes

Levels and vault maps discovered:
D:1:      dpeg_arrival_pits, layout_basic, chequers_serial_rivers_micro_a
D:2:      layout_basic, basic_altar, serial_shops, nicolae_shop_trees,
          st_stairs_3
D:3:      layout_loops_ring, biasface_ghost_orc_armoury,
          shapermc_ecumenical_altar_starsandcircs, minmay_misc_feat_five
D:4:      layout_cave_pods, lemuel_zombie_altar_yredelemnul, st_stairs_2,
          skrybe_limestone_x
D:5:      layout_loops_ring, general_overflow_altar, portal_sewer_entry_b,
          gammafunk_ghost_necromancy
D:6:      layout_rooms, ashenzari_altar_1, ebering_ghost_rock_garden,
          nicolae_elevator_lobby_plus, uniq_menkaure
D:7:      layout_loops_ring, minmay_temple_entry_junction_2, enter_bailey_6
D:8:      layout_loops_cross, dpeg_lair_monsters, uniq_maggie, uniq_amaemon
D:9:      layout_basic, nicolae_hexahallways, uniq_maurice
D:10:     layout_cross, jmf_multi_god_temple, ebering_ghost_disaster_area,
          minmay_ruined_shrine, uniq_nergalle, uniq_josephine
D:11:     minmay_distorted_concentric_squares, layout_long_grid, uniq_erica
D:12:     layout_layer_cave, serial_shops, shop, st_stairs_13
D:13:     layout_long_grid, ximxim_vaults_locker_room, uniq_kirke
D:14:     layout_irregular_city, nicolae_gozag_cash_rules_everything_around_me,
          kennysheep_generic_room_8
D:15:     grunt_enter_depths_giant_problem, layout_gridville, minmay_hedge_maze,
          minmay_bent
Temple:   hellmonk_temple_divided_pantheon
Lair:1:   wander_river, layout_gridlike
Lair:2:   layout_misc_corridors, guppyfry_snake_entry_island,
          gauntlet_entry_generic, nicolae_lair_lindhole
Lair:3:   layout_regular_city, elwin_shoals_entry_rooms,
          infiniplex_staircase_pool_2
Lair:4:   layout_regular_city, uniq_sonja, uniq_nessos
Lair:5:   gammafunk_lair_ancient_temple, layout_regular_city, slime_entry_1,
          uniq_urug
Shoals:1: layout_shoals, serial_shops, nicolae_shop_peninsula
Shoals:2: cheibrodos_shoals_baths, layout_shoals
Shoals:3: layout_shoals, uniq_bai_suzhen
Shoals:4: shoals_end_simple, layout_shoals, nicolae_shoals_water_shrine
Snake:1:  layout_honeycomb
Snake:2:  layout_onion_interference, basic_altar
Snake:3:  layout_cave_town, serial_shops,
          nicolae_shop_temple_entry_statues_fountains,
          nicolae_elevator_lobby_asterisk, minmay_shop_grove, lemuel_fruit_tree
Snake:4:  grunt_snake_rune_serpentine_throne, layout_gridlike, drop_trap,
          uniq_mlioglotl, uniq_vashnia
Orc:1:    layout_caves, basic_altar, nicolae_orc_lava_room
Orc:2:    st_orc_pillars, layout_caves, serial_shops,
          nicolae_shop_tiny_real_fake_doors,
          portal_ice_cave_entry_ice_simulacra, statue_in_the_mist_lemuel
Vaults:1: vaults_room_semicircle, v_alt_pattern_5, nicolae_vaults_shelves_hall,
          nicolae_vaults_apartment_1, v_misc_28, vaults_standard_mumra_lines,
          nicolae_vaults_cornered_office, vaults_dpeg_emergency_exit,
          nicolae_vaults_closet_pinwheel_1, nicolae_vaults_more_shelving_2,
          layout_vaults_omnigrid
Vaults:2: gammafunk_ghost_crypt, v_misc_29, v_misc_8, v_misc_27,
          nicolae_vaults_yaktaur_gun_rack, vaults_dpeg_encased_lava,
          nicolae_vaults_big_ls, nicolae_vaults_sesquioval_fish,
          grunt_vaults_swirl, nicolae_vaults_oval_intersection,
          vaults_dpeg_ring, layout_vaults_omnicross, serial_shops,
          bzr_entry_islet, uniq_margery, uniq_aizul
Vaults:3: ontoclasm_vaults_pinch, ontoclasm_vaults_claustrophobia,
          minmay_crypt_entry_necro_gods, nicolae_vaults_storage_closets_1,
          nicolae_vaults_octothorpe, nicolae_vaults_specimen_jars,
          nicolae_vaults_closet_pinwheel_2, nicolae_vaults_trapezoid_lopsided_1,
          vaults_room_semicircle, nicolae_vaults_little_squares_6,
          layout_vaults_big_room

Skill      XL: |  1  2  3  4  5  6  7  8  9 10 11 12 13 14 15 16 17 18 19 20 |
---------------+-------------------------------------------------------------+-----
Unarmed Combat | 4 5 6 7 8 10 12 14 16 18 20 21 22 | 22.9
Fighting       | 4 5 7 9 10 11 13 15 17 19 | 19.0
Armour         | 2 7 9 11 | 11.6
Dodging        | 4 5 |  5.0
Shields        | 7 10 12 14 15 17 | 17.1
Evocations     | 6 7 10 | 10.0

Action                     |  1- 3 |  4- 6 |  7- 9 | 10-12 | 13-15 | 16-18 | 19-21 || total
---------------------------+-------+-------+-------+-------+-------+-------+-------++-------
  Melee: Unarmed           |    85 |    58 |   301 |   499 |  1308 |  1864 |   971 ||  5086
  Throw: Javelin           |       |     2 |       |       |       |       |       ||     2
         Dart              |       |       |       |       |       |     1 |       ||     1
 Invoke: Serpent's Lash    |       |       |       |     2 |    12 |    14 |     8 ||    36
         Heavenly Storm    |       |       |       |       |       |     3 |     3 ||     6
Ability: Lunge             |       |       |     1 |     4 |    77 |   157 |    58 ||   297
         Whirlwind         |       |       |       |    80 |   331 |   600 |   375 ||  1386
  Evoke: Phantom mirror    |       |       |       |       |     1 |       |       ||     1
         Wand              |       |       |       |       |     7 |       |     1 ||     8
         Tin of tremorston |       |       |       |       |     2 |     2 |       ||     4
         Box of beasts     |       |       |       |       |       |     1 |       ||     1
    Use: Scroll            |     5 |     1 |     1 |       |    15 |     6 |     3 ||    31
         Potion            |       |       |       |       |     6 |       |     4 ||    10
   Stab: Distracted        |       |       |       |       |     1 |     2 |       ||     3
 Armour: Chain mail        |    37 |    22 |   112 |     1 |       |       |       ||   172
         Robe              |     2 |       |       |       |       |       |       ||     2
         Scale mail        |       |       |       |   164 |    24 |       |       ||   188
         Gold dragon scale |       |       |       |       |   412 |   605 |   203 ||  1220
  Dodge: Dodged            |    32 |    21 |   125 |   171 |   180 |   477 |   189 ||  1195
  Block: Kite shield       |       |       |       |       |   461 |   793 |    55 ||  1309
         Tower shield      |       |       |       |       |       |       |   563 ||   563

Table legend: (Time is in decaauts)
 A = Elapsed time spent in this place.
 B = Non-inter-level travel time spent in this place.
 C = Inter-level travel time spent in this place.
 D = Time resting spent in this place.
 E = Time spent auto-exploring this place.
 F = Levels seen in this place.
 G = Mean time per level.
                   A        B        C        D        E       F      G
               +--------+--------+--------+--------+--------+-----+--------+
         Total |  39008 |  36547 |   2461 |   9736 |  18549 |  40 |  975.2 |
       Dungeon |  14713 |  13217 |   1496 |   2436 |   8132 |  15 |  980.9 |
        Temple |     26 |     19 |      7 |      0 |      0 |   1 |   26.0 |
          Lair |   7648 |   7262 |    386 |   2752 |   3144 |   5 | 1529.6 |
        Shoals |   5200 |   5045 |    155 |   1597 |   2318 |   4 | 1300.0 |
     Snake Pit |   4417 |   4163 |    254 |   1015 |   2250 |   4 | 1104.2 |
  Orcish Mines |   1211 |   1125 |     86 |     79 |    617 |   2 |  605.5 |
        Vaults |   3248 |   3172 |     76 |    867 |   1463 |   3 | 1082.7 |
         Abyss |    250 |    250 |      0 |      1 |      0 |   1 |  250.0 |
        Bazaar |    104 |    104 |      0 |      0 |     70 |   1 |  104.0 |
         Sewer |    456 |    456 |      0 |      0 |    329 |   1 |  456.0 |
        Bailey |    732 |    732 |      0 |    402 |     85 |   1 |  732.0 |
      Ice Cave |    117 |    117 |      0 |     38 |      0 |   1 |  117.0 |
      Gauntlet |    880 |    880 |      0 |    546 |    141 |   1 |  880.0 |
               +--------+--------+--------+--------+--------+-----+--------+

Top non-repeatable levels by time:
  Lair:4: 1906 daAuts
Shoals:4: 1880 daAuts
 Snake:4: 1813 daAuts
Vaults:1: 1779 daAuts
  Lair:5: 1710 daAuts
  Lair:1: 1560 daAuts
  Lair:3: 1524 daAuts
    D:12: 1524 daAuts
Vaults:2: 1376 daAuts
     D:7: 1294 daAuts
Shoals:1: 1196 daAuts
    D:15: 1187 daAuts
     D:8: 1166 daAuts
Shoals:3: 1101 daAuts
     D:9: 1085 daAuts
